 Dungeon Crawl Stone Soup version 0.30.1 (webtiles) character file.

Game seed: 16365566458389859664

46 porpoise the Shooter (level 3, -1/29 HPs)
             Began as a Barachi Hunter on July 9, 2023.
             Slain by a gnoll
             ... wielding a +2 whip of venom
              (4 damage)
             ... on level 1 of the Dungeon.
             The game lasted 00:02:55 (1033 turns).

porpoise the Shooter (Barachi Hunter)               Turns: 1033, Time: 00:02:56

Health: -1/29      AC:  3    Str: 12    XL:     3   Next: 66%
Magic:  3/3        EV: 12    Int:  9    God:
Gold:   88         SH:  0    Dex: 17    Spells: 2/2 levels left

rFire   . . .        a - +0 shortbow
rCold   . . .        (shield currently unavailable)
rNeg    . . .        c - +0 leather armour
rPois   .            (no helmet)
rElec   .            (no cloak)
rCorr   .            (no gloves)
SInv    .            (no boots)
Will    .....        (no amulet)
Stlth   ++           (no ring)
HPRegen 0.24/turn    (no ring)
MPRegen 0.08/turn

%: no passive effects
@: lethally poisoned (-1 -> -8), slow
A: amphibious, slowness 1, strong legs 1, +LOS
a: Hop


You were on level 1 of the Dungeon.
You visited 1 branch of the dungeon, and saw 2 of its levels.

You collected 88 gold pieces.

Inventory:

Hand Weapons
 a - a +0 shortbow (weapon)
Armour
 c - a +0 leather armour (worn)
Scrolls
 b - a scroll of immolation
 d - a scroll of torment {unknown}
Potions
 e - 3 potions of curing {unknown}
 f - a potion of heal wounds {unknown}


   Skills:
 + Level 3.3 Fighting
 * Level 4.9 Ranged Weapons
 - Level 2.1 Dodging
 - Level 0.8 Stealth


You had 2 spell levels left.
You didn't know any spells.
Your spell library was empty.

Dungeon Overview and Level Annotations

Branches:
Dungeon (2/15)

Altars:

Annotations:
D:2 Terence


Innate Abilities, Weirdness & Mutations

You are amphibious.
You cover ground slowly.
You can hop short distances.
You have an extended range of vision and can be seen from far away.


Message History

A hobgoblin comes into view.
The gnoll shouts!
The hobgoblin shouts!
Found a scale mail and a metallic ruby potion.
Found a stone staircase leading up.
There is a stone staircase leading up here.
You shoot an arrow. The arrow closely misses the kobold.
The frilled lizard hisses angrily.
A ball python comes into view.
You shoot an arrow.
The arrow hits the kobold but does no damage.
The kobold closely misses you.
A kobold comes into view. It is wielding a +0 short sword.
A worm comes into view.
You shoot an arrow. The kobold shouts!
The arrow hits the kobold!
You kill the kobold!
The gnoll hits you from afar with a +0 halberd.
The gnoll closely misses you. The gnoll misses you.
The gnoll hits you with a +2 whip of venom.
You climb upwards.
There is a stone staircase leading down here.
The gnoll hits you with a +0 whip. The gnoll closely misses you.
The gnoll hits you with a +2 whip of venom.
You are poisoned.
The gnoll attacks as you move away! The gnoll hits you with a +0 whip.
You feel sick. The gnoll attacks as you move away!
The gnoll hits you with a +2 whip of venom.
You are lethally poisoned!
* * * LOW HITPOINT WARNING * * *
You feel very sick.
You are too injured to fight recklessly!
You are too injured to fight recklessly!
You shoot an arrow. The arrow hits the gnoll.
The gnoll is moderately wounded.
* * * LOW HITPOINT WARNING * * *
You feel very sick.
The gnoll hits you with a +2 whip of venom.
You die...

# #.##..########.#.#.#
# #.##..# #.....#
###.##.### ###.#.#
....##...# #.#.#
#..##..##### ###.#.#
#.##..##†.†# #...#.#
..##..#....## #.###.#
#.##..##....# #.# #.#
#.#÷.###..†.# #@# #.#
####÷.####.## #g# #.#
...##..##.######g###.#
###.##...##..........#
#.######.....>.#####
#......#########
########


You could see 2 gnolls.

Vanquished Creatures
  An adder (D:2)
  2 bats (D:1)
  3 endoplasms (D:1)
  2 giant cockroaches (D:1)
  2 goblins (D:1)
  3 hobgoblins (D:1)
  5 kobolds
  5 quokkas
  6 ball pythons
  A frilled lizard (D:1)
  2 rats
32 creatures vanquished.

Notes
Turn   | Place    | Note
-------+----------+-------------------------------------------
     0 | D:1      | porpoise the Barachi Hunter began the quest for the Orb.
     0 | D:1      | Reached XP level 1. HP: 17/17 MP: 1/1
    79 | D:1      | Reached XP level 2. HP: 23/23 MP: 2/2
   354 | D:1      | Reached XP level 3. HP: 27/29 MP: 3/3
   513 | D:1      | Found a faded altar of an unknown god.
   846 | D:2      | Noticed Terence
  1033 | D:1      | Slain by a gnoll

Illustrated notes

Levels and vault maps discovered:
D:1:      dpeg_arrival_stone_temple_mockup, layout_loops_ring,
          chequers_ecumenical_altar_grove, wander_ebering_terrifying_dragon_lair
D:2:      layout_rooms, kennysheep_nondescript, uniq_terence

Skill      XL: |  1  2 |
---------------+-------+-----
Fighting       | 3 |  3.3
Ranged Weapons | |  4.9
Dodging        | |  2.1
Stealth        | |  0.8

Action                     || total
---------------------------++-------
   Fire: Shortbow          ||    83
 Armour: Leather armour    ||     6
  Dodge: Dodged            ||    21
